 Dungeon Crawl Stone Soup version 0.19-a0-1803-g97ff39f (webtiles) character file.

10657 Grim the Fighter (level 11, -16/95 HPs)
             Began as a Mummy Gladiator on Oct 5, 2016.
             Was an Initiate of Gozag.
             Killed from afar by a gargoyle (20 damage)
             ... with a stone arrow
             ... on level 10 of the Dungeon.
             The game lasted 00:24:22 (14724 turns).

Grim the Fighter (Mummy Gladiator)                 Turns: 14724, Time: 00:24:23

Health: -16/95     AC:  9    Str: 21    XL:     11   Next: 39%
Magic:  11/11      EV: 12    Int:  7    God:    Gozag
Gold:   330        SH:  0    Dex: 16    Spells: 0 memorised, 10 levels left

rFire  x . .     SeeInvis .     r - +3 quarterstaff (chaos)
rCold  + + .     Gourm    .     m - +1 ring mail {rC+}
rNeg   + + +     Faith    .     (shield currently unavailable)
rPois  ∞         Spirit   .     c - +0 helmet
rElec  .         Dismiss  +     d - +0 cloak
rCorr  .         Reflect  .     g - +0 pair of gloves
MR     +....     Harm     .     (no boots)
Stlth  +.........               v - amulet of dismissal
                                A - ring of flight
                                y - +2 ring of strength

@: no status effects
A: no food or potions, fire vulnerability, cold resistance 1, negative energy
resistance 3, torment resistance, unbreathing
a: Potion Petition, Call Merchant, Bribe Branch, Renounce Religion, Evoke Flight


You were on level 10 of the Dungeon.
You worshipped Gozag.
Gozag was aware of your devotion.
You were not hungry.

You visited 1 branch of the dungeon, and saw 11 of its levels.

You collected 2347 gold pieces.
You paid 2017 gold pieces to Gozag.

Inventory:

Hand Weapons
 a - a +0 quarterstaff
 r - a +3 quarterstaff of chaos (weapon)
Missiles
 s - a throwing net (quivered)
Armour
 c - a +0 helmet (worn)
 d - a +0 cloak (worn)
 g - a +0 pair of gloves (worn)
 j - a +0 plate armour
 m - a +1 ring mail of cold resistance (worn)
Jewellery
 v - an amulet of dismissal (around neck)
 y - a +2 ring of strength (left hand)
 A - a ring of flight (right hand)
Wands
 f - a wand of random effects (30/48)
 k - a wand of lightning (10/15)
 u - a wand of paralysis (5/24)
 w - a wand of digging (10/24)
 x - a wand of iceblast (7/15)
 z - a wand of lightning (1/15)
Scrolls
 b - 2 scrolls of enchant weapon
 e - 3 scrolls of enchant armour
 h - 5 scrolls of remove curse
 i - 4 scrolls of blinking
 l - 2 scrolls of fear
 n - 5 scrolls of teleportation
 o - a scroll of noise {unknown}
 p - a scroll of immolation {unknown}
 q - 7 scrolls of identify
 t - 3 scrolls of magic mapping
 C - a scroll of silence {unknown}
 D - a scroll of amnesia {unknown}
Books
 B - a book of Fire

   Spells                             Type                      Level
   a - Ignite Poison                  Fire/Transmutation/Poison    3
   b - Fireball                       Conjuration/Fire             5
   c - Bolt of Fire                   Conjuration/Fire             6
   d - Delayed Fireball               Conjuration/Fire             7
   e - Ring of Flames                 Charms/Fire                  7


   Skills:
 - Level 12.1 Fighting
 - Level 11.1 Staves
 - Level 1.5 Throwing
 * Level 2.8 Armour
 - Level 2.4 Dodging


You had 10 spell levels left.
You didn't know any spells.

Dungeon Overview and Level Annotations

Branches:
Dungeon (11/15)            Temple (0/1) D:5
   Lair: D:8-11         Orc: D:9-12

Altars:
Dithmenos
Elyvilon
Gozag
Hepliaklqana
Makhleb
Nemelex Xobeh
Ru
Trog
Uskayaw
Xom
Yredelemnul
The Shining One

Shops:
D:4 ?   D:8 }%   D:10 [


Innate Abilities, Weirdness & Mutations

You do not eat or drink.
Your flesh is vulnerable to fire.
You are immune to poison.
Your flesh is cold resistant. (rC+)
You are immune to negative energy. (rN+++)
You are immune to unholy pain and torment.
You can survive without breathing.


Message History

The gargoyle is severely damaged.
The gargoyle hurls a stone arrow at you.
The stone arrow hits you!
* * * LOW HITPOINT WARNING * * *
You hit the gargoyle but do no damage.
The gargoyle flickers and vanishes!
Deactivating autopickup; reactivate with Ctrl-A.
Something hits you!
* * * LOW HITPOINT WARNING * * *
You barely miss something. You closely miss something. Something hits you!
* * * LOW HITPOINT WARNING * * *
You hit something. You freeze something.
Unknown command.
You hit something but do no damage. Something hits you.
* * * LOW HITPOINT WARNING * * *
You barely miss something.
A stone arrow appears from out of thin air!
The stone arrow hits you!
You die...
Your body crumbles into a pile of gold.

...####### .........#
.........#################
.........................########
######...........................
.....#.................(.........
.....#.................((........
)....#..##################...)...
####+#..#.......@..<.....#.......
........#.......{).......######'#
..#####.#..................).)...
###...#.######...............####
......#......#....(.........)#...
......#......#...............'...
......#......#..#####........#...
......#......#..# #..#######...
#'#+###......#..# #..#.........


There were no monsters in sight!

Vanquished Creatures
  Erica (D:11)
  Nergalle (D:10)
  A tengu warrior (D:10)
  A hill giant (D:10)
  Pikel (D:3)
  Maurice (D:10)
  Prince Ribbit (D:5)
  Grinder (D:5)
  11 yaks
  2 hungry ghosts
  Menkaure (D:5)
  Edmund (D:4)
  Duvessa (D:6)
  2 water moccasins
  3 black bears
  An ice beast (D:9)
  A sky beast (D:11)
  3 slaves (D:4)
  4 ogres
  An eye of draining (D:9)
  4 orc warriors
  A phantom (D:9)
  The ghost of Gottschkopf the Ruffian, an amateur DrTm (D:3)
  A necrophage (D:10)
  6 centaurs
  2 crocodiles
  Blork the orc (D:8)
  A big kobold (D:10)
  3 bullfrogs
  Dowan (D:6)
  4 scorpions
  4 howler monkeys
  A centaur zombie (D:9)
  8 crimson imps
  3 bullfrog zombies
  4 hounds
  4 jellies
  15 orc wizards
  Crazy Yiuf (D:5)
  3 orc priests
  A gnoll shaman (D:9)
  6 iguanas
  Ijyb (D:2)
  A hell rat (D:7)
  Natasha (D:2)
  4 worker ants
  A killer bee zombie (D:7)
  A hound zombie (D:8)
  A hound skeleton (D:6)
  A worker ant zombie (D:2)
  Robin (D:3)
  9 adders
  8 gnolls
  A howler monkey skeleton (D:11)
  3 river rats (D:7)
  A shadow imp (D:6)
  2 oozes
  3 worms
  3 dart slugs (D:1)
  7 leopard geckos
  32 orcs
  A bat skeleton (D:2)
  2 bat zombies (D:2)
  7 giant cockroaches
  16 goblins
  10 hobgoblins
  9 jackals
  14 kobolds
  4 quokkas
  7 bats
  8 frilled lizards
  A jackal skeleton (D:4)
  A jackal zombie (D:9)
  A leopard gecko zombie (D:2)
  3 quokka zombies
  36 rats
315 creatures vanquished.

Vanquished Creatures (others)
  An orc (D:3)
  2 plants (D:10)
3 creatures vanquished.

Grand Total: 318 creatures vanquished

Notes
Turn   | Place    | Note
-------+----------+-------------------------------------------
     0 | D:1      | Grim the Mummy Gladiator began the quest for the Orb.
     0 | D:1      | Reached XP level 1. HP: 16/16 MP: 1/1
    93 | D:1      | Reached XP level 2. HP: 22/22 MP: 2/2
   260 | D:1      | Reached XP level 3. HP: 12/27 MP: 3/3
  1178 | D:2      | Found a bloodstained altar of Trog.
  1303 | D:2      | Reached XP level 4. HP: 33/33 MP: 4/4
  1471 | D:2      | Noticed Ijyb
  1489 | D:2      | Killed Ijyb
  1744 | D:2      | Found an opulent altar of Gozag.
  1753 | D:2      | Became a worshipper of Gozag Ym Sagoz the Greedy
  1898 | D:2      | Reached XP level 5. HP: 38/38 MP: 5/5
  1975 | D:3      | Noticed Robin
  1977 | D:3      | Noticed Natasha
  2122 | D:2      | Reached skill level 5 in Staves
  2470 | D:2      | Killed Natasha
  2640 | D:3      | Killed Robin
  2812 | D:3      | Noticed Gottschkopf's ghost (amateur DrTm)
  2831 | D:3      | Killed Gottschkopf's ghost
  2831 | D:3      | Reached XP level 6. HP: 31/44 MP: 6/6
  2978 | D:3      | Found a basalt altar of Yredelemnul.
  3813 | D:4      | Found a burning altar of Makhleb.
  3881 | D:4      | Reached XP level 7. HP: 32/50 MP: 7/7
  4058 | D:4      | Found Lymouph's Magic Scroll Emporium.
  4134 | D:4      | Found a shimmering altar of Xom.
  4458 | D:4      | Found a hide-covered altar of Uskayaw.
  4462 | D:4      | Noticed Pikel
  4592 | D:3      | Killed Pikel
  4735 | D:3      | Reached XP level 8. HP: 48/56 MP: 8/8
  5401 | D:5      | Entered Level 5 of the Dungeon
  5401 | D:5      | Noticed Edmund
  5434 | D:4      | Killed Edmund
  5530 | D:5      | Found a staircase to the Ecumenical Temple.
  5664 | D:5      | Noticed Prince Ribbit
  5679 | D:5      | Killed Prince Ribbit
  5895 | D:5      | Found a shadowy altar of Dithmenos.
  5990 | D:5      | Noticed Grinder
  5990 | D:5      | Paralysed by Grinder for 5 turns
  6003 | D:5      | Killed Grinder
  6042 | D:5      | Found an opulent altar of Gozag.
  6042 | D:5      | Noticed Menkaure
  6051 | D:5      | Killed Menkaure
  6051 | D:5      | Reached skill level 10 in Staves
  6199 | D:5      | Found a runed door.
  6234 | D:5      | Noticed Crazy Yiuf
  6239 | D:5      | Killed Crazy Yiuf
  6239 | D:5      | Reached XP level 9. HP: 61/61 MP: 9/9
  6791 | D:6      | Found a glowing golden altar of the Shining One.
  6794 | D:6      | Found a white marble altar of Elyvilon.
  6795 | D:6      | Found a hazy altar of Hepliaklqana.
  6795 | D:6      | Found a sparkling altar of Nemelex Xobeh.
  7181 | D:6      | Noticed Duvessa
  7189 | D:6      | Noticed Dowan
  7193 | D:6      | Killed Duvessa
  7211 | D:6      | Killed Dowan
  8335 | D:7      | Reached skill level 3 in Fighting
  8409 | D:7      | Reached skill level 4 in Fighting
  8713 | D:7      | Reached skill level 5 in Fighting
  8859 | D:7      | You fall through a shaft for 2 floors!
  8976 | D:9      | Reached skill level 6 in Fighting
  9442 | D:9      | Reached XP level 10. HP: 69/77 MP: 10/10
  9456 | D:9      | Reached skill level 7 in Fighting
  9800 | D:9      | Found a sacrificial altar of Ru.
  9914 | D:9      | Reached skill level 8 in Fighting
 10121 | D:10     | Entered Level 10 of the Dungeon
 10121 | D:10     | Noticed Nergalle
 10142 | D:10     | Killed Nergalle
 10236 | D:8      | Reached skill level 9 in Fighting
 10310 | D:8      | Found Kaperr's Quality Used Wands.
 10479 | D:8      | Found an opulent altar of Gozag.
 10724 | D:8      | Found Qanoic's Food Emporium.
 10896 | D:8      | Noticed Blork the orc
 10908 | D:8      | Killed Blork the orc
 11267 | D:8      | Reached skill level 10 in Fighting
 12361 | D:10     | Reached skill level 11 in Fighting
 12547 | D:10     | Noticed a tengu warrior
 12575 | D:10     | Killed a tengu warrior
 12575 | D:10     | Reached XP level 11. HP: 61/93 MP: 11/11
 13149 | D:10     | Noticed Maurice
 13164 | D:10     | Killed Maurice
 13466 | D:11     | Noticed Erica
 13475 | D:11     | Killed Erica
 13475 | D:11     | Reached skill level 12 in Fighting
 13603 | D:11     | Noticed a hill giant
 13628 | D:10     | Killed a hill giant
 13628 | D:10     | Reached skill level 1 in Armour
 14248 | D:11     | HP: 2/95 [gargoyle/mace (14)]
 14657 | D:11     | Noticed a hill giant
 14723 | D:10     | HP: 4/95 [something (2)]
 14724 | D:10     | Killed from afar by a gargoyle

Vault maps used:
D:1:      lightli_arrival_statuegarden
D:2:      overflow_temple_1_default, overflow_temple_1_default, serial_undead,
          serial_undead_e, serial_undead_c, serial_undead_b, serial_undead_d,
          serial_undead_c, first_bread, kennysheep_potato, uniq_iyjb
D:3:      old_standard_altar, uniq_robin, uniq_natasha
D:4:      xom_butterflies, overflow_temple_1_default,
          eat_drink_and_be_merry_uskayaw, serial_shops, nicolae_shop_crystal,
          minivault_1, uniq_pikel
D:5:      lemuel_round_altar, nicolae_gozag_seed_capital, uniq_prince_ribbit1,
          uniq_grinder, uniq_crazy_yiuf_cottage, uniq_menkaure, uniq_edmund
D:6:      cheibrodos_iron_armory, grunt_temple_overflow_open,
          kennysheep_generic_room_5, uniq_blork_the_orc, uniq_duvessa
D:7:      lemuel_ratsnest
D:8:      basic_altar, serial_shops, shop, nicolae_for_you_no_charge
D:9:      nicolae_ru_path_of_blood
D:10:     grunt_tengu_nest, uniq_nergalle, uniq_maurice, uniq_erolcha
D:11:     dpeg_lair_monsters, erik_orc_3, uniq_sonja, uniq_erica

Skill      XL: |  1  2  3  4  5  6  7  8  9 10 11 |
---------------+----------------------------------+-----
Staves         | 3 4 5 6 8 10 11 | 11.1
Fighting       | 6 11 12 | 12.1
Armour         | 2 |  2.8
Throwing       | |  1.5
Dodging        | |  2.4

Action                   |  1- 3 |  4- 6 |  7- 9 | 10-12 || total
-------------------------+-------+-------+-------+-------++-------
Melee: Quarterstaff      |   139 |   258 |   472 |   415 ||  1284
Throw: Throwing net      |     1 |       |     3 |       ||     4
Invok: Potion Petition   |       |     1 |       |     4 ||     5
       Call Merchant     |       |       |       |     1 ||     1
  Use: Scroll            |       |       |    12 |     1 ||    13
 Stab: Held in net/web   |       |       |     1 |       ||     1
       Paralysed         |       |       |     3 |     1 ||     4
       Distracted        |       |       |     1 |     1 ||     2
       Confused          |       |       |     1 |     1 ||     2
       Petrifying        |       |       |       |     2 ||     2
       Petrified         |       |       |       |     1 ||     1
Armor: Leather armour    |    25 |       |       |       ||    25
       Chain mail        |    45 |   150 |       |       ||   195
       Ring mail         |       |    29 |   127 |    97 ||   253
Dodge: Dodged            |    93 |   134 |   193 |   151 ||   571
